 Dungeon Crawl Stone Soup version 0.31-a0-265-gcf7e37af1d (webtiles) character file.

Game seed: 17922395564924633313

95 qw the Shooter (level 4, -2/26 HPs)
             Began as a Gargoyle Hexslinger on July 13, 2023.
             Slain by a kobold
             ... wielding a +0 whip
              (3 damage)
             ... on level 2 of the Dungeon.
             The game lasted 00:00:37 (1102 turns).

qw the Shooter (Gargoyle Hexslinger)                Turns: 1102, Time: 00:00:37

Health: -2/26      AC:  6    Str: 11    XL:     4   Next: 66%
Magic:  5/5        EV: 11    Int: 14    God:
Gold:   98         SH:  0    Dex: 14    Spells: 4/5 levels left

rFire   . . .        Y - +2 sling
rCold   . . .        (no shield)
rNeg    + . .        e - +0 leather armour
rPois   inf          (no helmet)
rElec   +            (no cloak)
rCorr   .            (no gloves)
SInv    .            (no boots)
Will    .....        (no amulet)
Stlth   +            (no ring)
HPRegen 0.24/turn    (no ring)
MPRegen 0.09/turn

%: no passive effects
@: no status effects
A: sickness immunity, AC +3, negative energy resistance 1, electricity
resistance, torment resistance 1, petrification resistance
a: no special abilities


You were on level 2 of the Dungeon.
You visited 1 branch of the dungeon, and saw 2 of its levels.

You collected 98 gold pieces.


Innate Abilities, Weirdness & Mutations

You are immune to sickness and miasma.
Your stone body is resilient. (AC +3)
You are immune to poison.
You resist negative energy. (rN+)
You are resistant to electric shocks. (rElec)
You are resistant to unholy torment.
You are immune to petrification.


   Skills:
 - Level 2.0 Fighting
 + Level 4.4 Ranged Weapons
 - Level 1.5 Dodging
 - Level 1.0 Spellcasting
 - Level 2.6 Hexes


You had 4 spell levels left.
You knew the following spells:

 Your Spells              Type           Power      Damage    Failure   Level
a - Slow                  Hex            32%        N/A       12%         1

Your spell library contained the following spells:

 Spells                   Type           Power      Damage    Failure   Level
 Inner Flame              Hex/Fire       4%         N/A       52%         3
 Portal Projectile        Hex/Tloc       8%         N/A       52%         3
 Cause Fear               Hex            4%         N/A       75%         4

Inventory:

Hand Weapons
 Y - a +2 sling (weapon)
Armour
 c - a scarf of harm
 e - a +0 leather armour (worn)
Scrolls
 a - a scroll of teleportation {unknown}
 b - a scroll of torment {unknown}
 d - a scroll of fear {unknown}
Potions
 f - a potion of mutation {unknown}
 h - a potion of invisibility {unknown}
 i - a potion of brilliance {unknown}

Dungeon Overview and Level Annotations

Branches:
Dungeon (2/15)

Altars:


Message History

The kobold barely misses you.
You shoot a sling bullet.
The sling bullet closely misses the kobold.
The ball python barely misses you. The ball python closely misses you.
The kobold hits you with a +0 whip.
You shoot a sling bullet. The sling bullet hits the kobold.
The kobold is severely wounded.
A kobold comes into view. It is wielding a +0 club.
The kobold closely misses you. The adder bites you but does no damage.
The orc priest casts a cantrip, but nothing happens.
The kobold hits you with a +0 whip. The orc hits you with a +0 hand axe.
The kobold moves out of view.
You shoot a sling bullet.
The sling bullet barely misses the kobold.
The adder bites you but does no damage. The adder closely misses you.
The orc hits you with a +0 hand axe. The kobold hits you but does no damage.
You shoot a sling bullet.
The sling bullet barely misses the kobold.
The adder bites you. The orc hits you but does no damage.
The kobold barely misses you.
You shoot a sling bullet.
The sling bullet hits the kobold but does no damage.
The kobold is severely wounded.
The adder barely misses you. The kobold hits you with a +0 whip.
The adder misses you.
You shoot a sling bullet.
The sling bullet barely misses the kobold.
The adder bites you but does no damage. The orc hits you but does no damage.
The kobold closely misses you. The ball python bites you.
The ball python barely misses you. The adder misses you.
You shoot a sling bullet.
The sling bullet barely misses the kobold.
The ball python closely misses you. x2; The orc closely misses you.
The kobold misses you. The adder misses you. The ball python bites you.
The ball python grabs you. The ball python constricts you.
The kobold hits you with a +0 whip. The orc closely misses you.
You shoot a sling bullet. The sling bullet hits the ball python.
You kill the ball python!
The adder completely misses you. The kobold hits you with a +0 whip.
You die...

..... .. .
..... # .#.
..... #.###
.#.#! ....>
###.#.. .. .
####. ......
.#.# #.
#....##.#.#.#
#.
#....#KSroo.#
#. #P...#@r#.
#. #..o.#.#
#.
###.###..#.#
#.
.........#.#
#.
###.###.##.#
##. #.##.#
#.# #.##.###
##.
#.###......#
##
#........#.#
#


You could see an orc priest, an adder, 2 orcs, 2 quokkas and a kobold.

Vanquished Creatures
  A scorpion zombie (D:2)
  An adder (D:2)
  An adder zombie (D:2)
  2 adder skeletons (D:2)
  2 dart slugs (D:1)
  3 ball pythons
  4 endoplasms (D:1)
  4 giant cockroaches (D:1)
  2 goblins
  3 hobgoblins
  2 jackals (D:1)
  5 quokkas
  3 ball python skeletons (D:2)
  A ball python zombie (D:2)
  4 bats (D:1)
  3 kobolds
  5 rats
46 creatures vanquished.

Notes
Turn   | Place    | Note
-------+----------+-------------------------------------------
     0 | D:1      | qw the Gargoyle Hexslinger began the quest for the Orb.
     0 | D:1      | Reached XP level 1. HP: 12/12 MP: 2/2
     0 | D:1      | 0 ||| qw: Version: 0.3-a-52-g30416fa
     0 | D:1      | 0 ||| qw: Game counter: 7588
     0 | D:1      | 0 ||| qw: Melee chars always use a shield: true
     0 | D:1      | 0 ||| qw: God list: Okawaru
     0 | D:1      | 0 ||| qw: Allow faded altars: false
     0 | D:1      | 0 ||| qw: Do Orc after clearing Dungeon:15 true
     0 | D:1      | 0 ||| qw: Do second Lair branch before Depths: true
     0 | D:1      | 0 ||| qw: Lair rune preference: random
     0 | D:1      | 0 ||| qw: Goals: Normal
     0 | D:1      | 0 ||| PLANNING D:1-11
    42 | D:1      | HP: 3/12 [frozen (5)]
   119 | D:1      | Reached XP level 2. HP: 16/16 MP: 3/3
   211 | D:1      | Reached skill level 3 in Ranged Weapons
   471 | D:1      | Reached XP level 3. HP: 21/21 MP: 4/4
   663 | D:1      | 663 ||| UPGRADING to +0 leather armour.
   673 | D:1      | 673 ||| DROPPING +0 robe.
   674 | D:1      | 674 ||| READING scroll labelled BUOTHR ZANEDAOT.
   675 | D:1      | 675 ||| READING scroll labelled ICKAMU VUIRGHAS.
   676 | D:1      | 676 ||| READING scroll labelled FUP YVASMA.
   677 | D:1      | 677 ||| DROPPING scroll of poison.
   941 | D:2      | Reached skill level 4 in Ranged Weapons
   941 | D:2      | Reached XP level 4. HP: 10/26 MP: 5/5
  1101 | D:2      | HP: 5/26 [ball python (3)]
  1101 | D:2      | HP: 1/26 [kobold/+0 whip (4)]
  1102 | D:2      | Slain by a kobold

Levels and vault maps discovered:
D:1:      mrwooster_arrival_statue_3, layout_basic
D:2:      layout_loops_ring, serial_undead, serial_undead_c, serial_undead_f,
          serial_undead_e, serial_undead_d, serial_undead_b

Skill      XL: |  1  2  3 |
---------------+----------+-----
Ranged Weapons | 3 4 |  4.4
Fighting       | 2 |  2.0
Dodging        | |  1.5
Spellcasting   | |  1.0
Hexes          | |  2.6

Action                     |  1- 3 |  4- 6 || total
---------------------------+-------+-------++-------
   Fire: Sling             |   157 |    27 ||   184
    Use: Scroll            |     3 |       ||     3
 Armour: Robe              |    14 |       ||    14
         Leather armour    |    14 |     8 ||    22
  Dodge: Dodged            |    61 |    23 ||    84

Table legend:
 A = Non-vault XP
 B = Vault XP
 C = Vault XP percentage of total XP
 D = Non-vault monster count
 E = Vault monster count
 F = Vault count percentage of total count
                 A         B        C        D         E       F
            +---------+---------+-------+---------+---------+-------
      Total |      82 |      56 |  40.6 |      38 |       8 |  17.4
            +---------+---------+-------+---------+---------+-------
        D:1 |      54 |       0 |   0.0 |      27 |       0 |   0.0
        D:2 |      28 |      56 |  66.7 |      11 |       8 |  42.1
            +---------+---------+-------+---------+---------+-------
